 Dungeon Crawl Stone Soup version 0.25.0-1-g7eea58d2a3 (webtiles) character file.

Game seed: 10131070538412495713

25 MajorAdolf the Bolt Thrower (level 3, 0/32 HPs)
             Began as a Naga Wanderer on June 14, 2020.
             Slain by an adder (2 damage)
             ... on level 2 of the Dungeon.
             The game lasted 00:01:49 (909 turns).

MajorAdolf the Bolt Thrower (Naga Wanderer)          Turns: 909, Time: 00:01:50

Health: 0/32       AC:  3    Str: 15    XL:     3   Next: 6%
Magic:  6/6        EV:  8    Int: 12    God:
Gold:   25         SH:  0    Dex: 10    Spells: 6/6 levels left

rFire    . . .     SeeInvis +   a - +2 hand crossbow
rCold    . . .     Gourm    .   (no shield)
rNeg     . . .     Faith    .   k - +0 ring mail
rPois    +         Spirit   .   (no helmet)
rElec    .         Reflect  .   (no cloak)
rCorr    .         Harm     .   (no gloves)
MR       .....                  (no barding)
Stlth    +.........             (no amulet)
HPRegen  0.10/turn              (no ring)
MPRegen  0.10/turn              (no ring)

@: lethally poisoned (0 -> -13), very slow
A: large, see invisible, deformed body, poison resistance, slowness 2, slow
metabolism 1, spit poison 1, AC +1
a: Spit Poison


You were on level 2 of the Dungeon.
You were not hungry.

You visited 1 branch of the dungeon, and saw 2 of its levels.

You collected 25 gold pieces.

Inventory:

Hand Weapons
 a - a +2 hand crossbow (weapon)
 j - a +2 dagger of venom
 l - a +0 hand axe
 m - a +1 antimagic dagger
Missiles
 b - 16 bolts (quivered)
Armour
 e - a +0 robe
 k - a +0 ring mail (worn)
Jewellery
 i - a +4 ring of protection {unknown}
Wands
 d - a wand of random effects (15)
Scrolls
 g - a scroll of enchant weapon {unknown}
 h - 2 scrolls of teleportation {unknown}
 n - a scroll of enchant armour {unknown}
Potions
 c - a potion of curing
Comestibles
 f - 2 rations
 o - 4 chunks of flesh


   Skills:
 + Level 2.1 Fighting
 + Level 0.0 Axes
 - Level 2.6 Crossbows
 - Level 1.0 Armour
 - Level 1.5 Stealth
 - Level 2.0 Spellcasting
   Level 1.0 Fire Magic
 + Level 2.1 Evocations


You had 6 spell levels left.
You didn't know any spells.
Your spell library was empty.

Dungeon Overview and Level Annotations

Branches:
Dungeon (2/15)

Altars:


Innate Abilities, Weirdness & Mutations

You cannot wear boots.
Your serpentine skin is tough. (AC +1)
You have supernaturally acute eyesight. (SInv)
Armour fits poorly on your strangely shaped body.
Your system is resistant to poisons. (rPois)
You cover ground very slowly.
You have a slow metabolism.
You can spit poison.


Message History

* * * LOW HITPOINT WARNING * * *
You are more poisoned.
The adder poisons you! The adder barely misses you.
Firing (i - inventory)
b - 18 bolts (quivered)
Press: ? - help, Shift-Dir - straight line, f/p - adder
Aim: an adder (heavily wounded)
You shoot a bolt. The bolt hits the adder.
The adder is almost dead.
* * * LOW HITPOINT WARNING * * *
You feel sick. The adder bites you.
* * * LOW HITPOINT WARNING * * *
The adder closely misses you.
Firing (i - inventory)
b - 17 bolts (quivered)
Press: ? - help, Shift-Dir - straight line, f/p - adder
Aim: an adder (almost dead)
You shoot a bolt. The bolt closely misses the adder.
You have got your breath back.
* * * LOW HITPOINT WARNING * * *
You feel sick. The adder bites you.
You die...

........# ........##.#
.........#.#
.........#.#
.....(...#.#
#####.......).#.# .
#<#.#########.#.#####..
#.#.#########.#........
#.#.......@S...(#.....#
#.............#........
###...(.......#........
#########...........#
#.#(#....####
#.#.#.......
#.#.#......#
#.#........#
#.###.#....#


You could see an adder.

Vanquished Creatures
  2 oozes (D:1)
  A dart slug (D:2)
  A bat (D:1)
  A giant cockroach (D:1)
  4 hobgoblins (D:1)
  A ball python (D:1)
  2 goblins
  A kobold (D:1)
  2 rats (D:1)
15 creatures vanquished.

Notes
Turn   | Place    | Note
-------+----------+-------------------------------------------
     0 | D:1      | MajorAdolf the Naga Wanderer began the quest for the Orb.
     0 | D:1      | MajorAdolf set off with the following items: a +2 hand
                  | crossbow, 26 bolts, a potion of curing, a wand of random
                  | effects (15), a +0 robe, a ration
     0 | D:1      | Reached XP level 1. HP: 18/18 MP: 3/3
    29 | D:1      | Reached XP level 2. HP: 25/25 MP: 5/5
   840 | D:2      | Reached XP level 3. HP: 27/32 MP: 6/6
   909 | D:2      | Slain by an adder

Illustrated notes

Levels and vault maps discovered:
D:1:      dpeg_arrival_short_road, layout_loops_ring
D:2:      layout_basic, kennysheep_generic_room_8, uniq_terence, uniq_robin

Skill      XL: |  1  2 |
---------------+-------+-----
Fighting       | 2 |  2.1
Evocations     | 2 |  2.1
Crossbows      | |  2.6
Armour         | |  1.0
Stealth        | |  1.5
Spellcasting   | |  2.0
Fire Magic     | |  1.0

Action                   || total
-------------------------++-------
 Fire: Hand crossbow     ||    26
 Abil: Spit Poison       ||    12
Armor: Robe              ||     1
       Ring mail         ||     1
Dodge: Dodged            ||     4
